 Dungeon Crawl Stone Soup version 0.18-a0-46-g45ca8e4 (webtiles) character file.

73 4thArraOfDagon the Ruffian (level 4, 0/39 HPs)
             Began as a Troll Earth Elementalist on Nov 6, 2015.
             Slain by a water moccasin (5 damage)
             ... on level 6 of the Dungeon.
             The game lasted 00:02:44 (559 turns).

4thArraOfDagon the Ruffian (TrEE)                    Turns: 559, Time: 00:02:44

Health: 0/39       AC:  6    Str: 16    XL:     4   Next: 8%
Magic:  4/4        EV:  9    Int: 12    God:
Gold:   68         SH:  0    Dex: 10    Spells: 2 memorised, 2 levels left

rFire  . . .     SeeInvis .       - Unarmed
rCold  . . .     Clarity  .     b - +0 robe
rNeg   . . .     SustAt   .     (no shield)
rPois  .         Gourm    +     (helmet restricted)
rElec  .         Spirit   .     q - +0 cloak
rCorr  .         Warding  .     (gloves unavailable)
rMut   .         Stasis   .     (boots unavailable)
MR     .....                    (no amulet)
Stlth  +.........               (no ring)
                                (no ring)

@: lethally poisoned (0 -> -16), not resistant to hostile enchantments, very
unstealthy
A: unfitting armour, claws 3, fast metabolism 3, gourmand, regeneration 2,
shaggy fur 1, tough skin 2
a: no special abilities


You were on level 6 of the Dungeon.
You were full.

You visited 1 branch of the dungeon, and saw 6 of its levels.

You collected 68 gold pieces.

Inventory:

Armour
 b - a +0 robe (worn)
 q - a +0 cloak (worn)
Scrolls
 e - a scroll of fear {unknown}
 f - a scroll of identify
 i - a scroll of magic mapping {unknown}
 j - 2 scrolls of random uselessness {unknown}
 n - a scroll of immolation {unknown}
 o - a scroll of blinking {unknown}
Potions
 h - a potion of curing
 m - a potion of flight
Books
 c - a book of Geomancy

   Spells                             Type                      Level
   a - Sandblast                      Earth                        1
   b - Stoneskin                      Transmutation/Earth          2
   c - Passwall                       Transmutation/Earth          3
   d - Stone Arrow                    Conjuration/Earth            3
   e - Petrify                        Transmutation/Earth          4
   f - Lee's Rapid Deconstruction     Earth                        5
Comestibles
 d - 2 bread rations
 g - 2 meat rations
 k - a slice of pizza
 p - a royal jelly


   Skills:
 - Level 1.5 Dodging
 - Level 1.1 Stealth
 * Level 3.7 Unarmed Combat
 - Level 1.2 Spellcasting
 - Level 0.6 Transmutations
 - Level 2.6 Earth Magic


You had 2 spell levels left.
You knew the following spells:

 Your Spells              Type           Power        Failure   Level  Hunger
a - Sandblast             Erth           #.....       12%         1    ##.....
b - Stoneskin             Trmt/Erth      #.......     28%         2    ###....


Dungeon Overview and Level Annotations

Branches:
Dungeon (6/15)
 Temple: D:4-7

Altars:
Vehumet

Annotations:
D:6 exclusion: statue


Innate Abilities, Weirdness & Mutations

You are too large for most types of armour.
You have claws for hands.
Your metabolism is lightning-fast.
You like to eat raw meat.
You heal very quickly.
You are covered in fur (AC +1).
You have very tough skin (AC +2).


Message History

You are more poisoned.
The water moccasin poisons you!
You miss the water moccasin.
The water moccasin is severely wounded.
You feel sick. The water moccasin bites you.
You are lethally poisoned!
The water moccasin poisons you!
The water moccasin bites you but does no damage.
You scratch the water moccasin.
The water moccasin is severely wounded.
* * * LOW HITPOINT WARNING * * *
You feel very sick. The water moccasin bites you.
* * * LOW HITPOINT WARNING * * *
You are too injured to fight recklessly!
You scratch the water moccasin.
The water moccasin is almost dead.
* * * LOW HITPOINT WARNING * * *
You feel sick. The water moccasin bites you.
You die...

.# #######. #......
#.....# #.....# #
#.....# ########
#.#.....####......#
#......S@....####.#
##.#.#.##########.#
#
#..............###
#<.#########.....#
#..#..... #.###.#
###......_.8
#.....#
..#..#......
#.#####
#.#..#########.###
#.#..............#


You could see a water moccasin.

Vanquished Creatures
  An orc wizard (D:3)
  An adder (D:3)
  A worm (D:4)
  3 giant geckos
  4 orcs (D:3)
  3 ball pythons
  3 giant cockroaches
  2 hobgoblins
  3 jackals (D:6)
  A quokka (D:4)
  3 bats
  3 goblins
  2 rats (D:1)
30 creatures vanquished.

Notes
Turn   | Place    | Note
--------------------------------------------------------------
     0 | D:1      | 4thArraOfDagon the Troll Earth Elementalist began the quest for the Orb.
     0 | D:1      | Reached XP level 1. HP: 16/16 MP: 1/1
    33 | D:1      | Reached skill level 1 in Unarmed Combat
    64 | D:1      | Reached XP level 2. HP: 24/24 MP: 2/2
   297 | D:2      | Learned a level 2 spell: Stoneskin
   337 | D:3      | Reached skill level 3 in Unarmed Combat
   337 | D:3      | Reached XP level 3. HP: 23/31 MP: 0/3
   427 | D:4      | Reached XP level 4. HP: 37/39 MP: 4/4
   442 | D:5      | Entered Level 5 of the Dungeon
   458 | D:6      | Found a radiant altar of Vehumet.
   458 | D:6      | Noticed a frost-covered statue
   462 | D:6      | Noticed a water moccasin
   559 | D:6      | Slain by a water moccasin

Vault maps used:
D:1:      matt_arrival_refuge
D:2:      first_bread, minmay_ruptured
D:3:      kiku_gazebo_pond_becter
D:4:      xom_teletrap_fun, overflow_temple_1_default,
          nicolae_overflow_crystal_walls, uniq_eustachio
D:5:      kennysheep_mini_moat, kennysheep_little_box, uniq_grinder
D:6:      kennysheep_six_static_rooms, vehumet_statue

Action                   |  1- 3 |  4- 6 || total
-------------------------+-------+-------++-------
Melee: Unarmed           |    72 |    34 ||   106
 Cast: Stoneskin         |     2 |       ||     2
  Use: Scroll            |       |     3 ||     3
       Potion            |       |     2 ||     2
 Stab: Sleeping          |     1 |       ||     1
  Eat: Chunk             |     7 |     1 ||     8
